 Dungeon Crawl Stone Soup version 0.19-a0-1041-g82b1012 (webtiles) character file.

217813 mopl the Severer (level 19, -8/219 HPs)
             Began as a Hill Orc Fighter on July 29, 2016.
             Was a Follower of Uskayaw.
             Mangled by a spark wasp (13 damage)
             ... on level 4 of the Spider Nest on July 30, 2016.
             The game lasted 01:46:47 (44717 turns).

mopl the Severer (Hill Orc Fighter)                Turns: 44717, Time: 01:46:47

Health: -8/219     AC: 15    Str: 25    XL:     19   Next: 9%
Magic:  25/32      EV: 19    Int:  8    God:    Uskayaw [*.....]
Gold:   2328       SH:  0    Dex: 25    Spells: 3 memorised, 13 levels left

rFire  + . .     SeeInvis +     a - +1 battleaxe (freeze)
rCold  . . .     Gourm    .     x - +2 chain mail {MR+}
rNeg   + . .     Faith    .     (shield currently unavailable)
rPois  +         Spirit   .     (helmet restricted)
rElec  .         Dismiss  .     g - +0 cloak
rCorr  .         Reflect  .     v - +1 pair of gloves
SustAt .         Harm     .     K - +2 pair of boots "Nexuy" {Str+4 Dex+9}
MR     ++...                    G - amulet of rage
Stlth  ..........               r - ring "Zuegub" {rF+ rN+}
                                i - ring of poison resistance

@: about to teleport, corroded, very slightly contaminated, very resistant to
hostile enchantments, extremely unstealthy
A: antennae 1, see invisible, robust 2, sturdy frame 1
a: Stomp, Renounce Religion, Evoke Berserk Rage
}: 1/15 runes: barnacled


You were on level 4 of the Spider Nest.
You worshipped Uskayaw.
Uskayaw was most pleased with you.
You were very hungry.

You visited 6 branches of the dungeon, and saw 32 of its levels.
You also visited: Ossuary and Volcano.

You collected 2960 gold pieces.
You spent 632 gold pieces at shops.

Inventory:

Hand Weapons
 a - a +1 battleaxe of freezing (weapon)
 b - a +0 blowgun
 P - a +1 scimitar of flaming
Missiles
 e - 81 tomahawks (quivered)
 C - 7 throwing nets
 E - 199 bolts
 U - 6 curare-tipped needles
Armour
 g - a +0 cloak (worn)
 s - a storm dragon hide {Bai Suzhen}
 v - a +1 pair of gloves (worn)
 x - a +2 chain mail of magic resistance (worn)
 H - a +2 chain mail of cold resistance
 K - the +2 pair of boots "Nexuy" (worn) {Str+4 Dex+9}
   (You found it on level 8 of the Dungeon)

   It affects your strength (+4).
   It affects your dexterity (+9).
 N - a +2 plate armour of fire resistance
Jewellery
 i - a ring of poison resistance (left hand)
 r - the ring "Zuegub" (right hand) {rF+ rN+}
   (You bought it in a shop on level 3 of the Shoals)

   [ring of positive energy]

   It protects you from fire.
   It protects you from negative energy.
 G - an amulet of rage (around neck)
 I - an uncursed ring of flight
 R - an uncursed ring of ice
Wands
 w - a wand of digging (4/24)
 y - a wand of paralysis (11/24)
 B - a wand of teleportation (4/9)
 F - a wand of disintegration (6/24)
 Q - a wand of lightning (9/15)
 S - a wand of iceblast (6/15)
Scrolls
 h - a scroll of summoning
 m - 8 scrolls of remove curse
 n - 4 scrolls of blinking
 o - 6 scrolls of fog
 z - 9 scrolls of teleportation
 J - a scroll of enchant weapon
 T - a scroll of magic mapping
 V - 8 scrolls of identify
 W - 4 scrolls of fear
 Y - a scroll of holy word
 Z - a scroll of enchant armour
Potions
 c - 13 potions of curing
 j - 5 potions of cancellation
 k - a potion of berserk rage {!q}
 p - 3 potions of flight
 q - 6 potions of agility
 t - a potion of brilliance
 u - a potion of haste
 A - 4 potions of heal wounds
 O - 3 potions of might
 X - 4 potions of resistance
Books
 D - an Akashic Record

   Spells                             Type                      Level
   a - Dispersal                      Translocation                6
   b - Malign Gateway                 Summoning/Translocation      7
   c - Disjunction                    Translocation                8
   d - Controlled Blink               Translocation                8
 M - a book of the Earth

   Spells                             Type                      Level
   a - Leda's Liquefaction            Hexes/Earth                  4
   b - Bolt of Magma                  Conjuration/Fire/Earth       5
   c - Statue Form                    Transmutation/Earth          6
   d - Iron Shot                      Conjuration/Earth            6
   e - Shatter                        Earth                        9
Miscellaneous
 L - a lamp of fire
Comestibles
 d - 2 meat rations
 f - 11 bread rations
 l - 4 fruits


   Skills:
 + Level 19.6 Fighting
 - Level 20.0 Axes
 + Level 15.3 Armour
 + Level 11.0 Dodging
   Level 3.2 Shields
 + Level 18.7 Invocations


You had 13 spell levels left.
You knew the following spells:

 Your Spells              Type           Power        Failure   Level  Hunger
a - Apportation           Tloc           #.........   94%         1    ##.....
r - Regeneration          Chrm/Necr      #.........   100%        3    ####...
x - Animate Skeleton      Necr           N/A          94%         1    ##.....


Dungeon Overview and Level Annotations

Branches:
Dungeon (15/15)            Temple (1/1) D:6            Lair (6/6) D:11
 Shoals (4/4) Lair:2       Spider (4/4) Lair:3        Slime (0/5) Lair:5
    Orc (2/2) D:12            Elf (0/3) Orc:2        Vaults (0/5) D:13
 Depths (0/5) D:15

Altars:
Ashenzari
Cheibriados
Dithmenos
Elyvilon
Fedhas
Gozag
Hepliaklqana
Kikubaaqudgha
Makhleb
Nemelex Xobeh
Okawaru
Pakellas
Qazlal
Ru
Sif Muna
Trog
Uskayaw
Vehumet
Xom
Yredelemnul
Zin
The Shining One
Beogh
Jiyva

Shops:
Orc:2 :(*[   Shoals:3 *=:(

Portals:
Bazaar: Shoals:1

Annotations:
Lair:5 1 runed door
Spider:4 exclusion: 3 doors


Innate Abilities, Weirdness & Mutations

You have a pair of small antennae on your head.
You have supernaturally acute eyesight. (SInv)
You are very robust. (+20% HP)
Your movements are slightly less encumbered by armour. (ER -2)


Message History

The spark wasp misses you.
The entropy weaver casts a spell.
The entropic weave corrodes you!
You feel much better.
The spark wasp stings you but does no damage.
The spark wasp misses you. The spark wasp stings you!!
* * * LOW HITPOINT WARNING * * *
The spark wasp shocks you!
* * * LOW HITPOINT WARNING * * *
Unknown command.
You feel much better. The spark wasp stings you!
* * * LOW HITPOINT WARNING * * *
The spark wasp shocks you!
* * * LOW HITPOINT WARNING * * *
The wolf spider completely misses you. The wolf spider bites you.
* * * LOW HITPOINT WARNING * * *
The spark wasp barely misses you. The spark wasp stings you!
* * * LOW HITPOINT WARNING * * *
The spark wasp shocks you!
You die...

#### ### ##..# #.##
#.†## ##..###.## ##.
#....##=# ##s..
##......# .....
###..##.y# ...s.#
#....##@y#######......
##..###.s...ss.'a.ss..
####..#
#....ya.s'y.s...
##.....#
#.......('......
#......#
#..#######......
#.....## ##^# ....s#
####....## #.# ..[...
##.#.....# #.# ##...
#..#^....# #.# ##s


You could see an entropy weaver, 2 spark wasps, a wolf spider (berserk), a moth
of wrath and 3 redbacks.

Vanquished Creatures
  Bai Suzhen (Spider:3)
  A kraken (Shoals:4)
  Roxanne (Spider:3)
  Ilsuiw (Shoals:4)
  A fire giant (D:15)
  An emperor scorpion (Spider:4)
  A ghost moth (Spider:3)
  2 orc warlords (Orc:2)
  4 frost giants
  A very ugly thing (D:14)
  The ghost of poirepourri the Severer, a journeyman MiFi of Qazlal (Lair:6)
  5 entropy weavers
  A stone giant (Shoals:1)
  The ghost of Liquid the Martial Artist, a journeyman DsCK of Xom (Lair:6)
  4 merfolk javelineers (Shoals:4)
  8 merfolk impalers
  A fire dragon (D:14)
  Erolcha (D:11)
  An ogre mage (Volcano)
  A hydra (Lair:5)
  Erica (Lair:2)
  5 catoblepae (Lair:6)
  2 alligator snapping turtles
  2 centaur warriors
  5 merfolk aquamancers (Shoals:4)
  The ghost of mopl the Cleaver, a novice HOFi of Uskayaw (D:9)
  5 merfolk avatars
  17 death yaks
  A satyr (Shoals:4)
  A queen ant (Spider:2)
  2 tengu warriors (D:15)
  3 orc high priests (Orc:2)
  18 sea snakes
  4 skeletal warriors (D:11)
  2 fire crabs (Shoals:3)
  An unseen horror (D:10)
  A swamp dragon (shapeshifter) (D:14)
  2 wizards
  An obsidian statue (Shoals:1)
  3 orc knights (Orc:2)
  9 hill giants
  Pikel (D:9)
  8 harpies
  A necromancer (D:13)
  16 orb spiders
  22 wolf spiders
  A wolf spider zombie (D:13)
  2 deep elf magi
  8 griffons
  14 ugly things
  11 elephants
  4 orc sorcerers (Orc:2)
  4 moths of wrath
  12 manticores
  6 fauns
  3 hornets (Spider:3)
  12 sirens
  13 cyclopes
  A gargoyle (D:12)
  8 water nymphs
  Psyche (D:11)
  3 black mambas
  2 torpor snails
  19 spiny frogs
  2 molten gargoyles (Volcano)
  2 rime drakes
  An efreet (D:10)
  8 demonic crawlers
  9 komodo dragons
  A polar bear (Lair:4)
  3 meliai (D:15)
  23 merfolk
  A tengu conjurer (D:15)
  19 jumping spiders
  A queen bee (Lair:1)
  10 trolls
  2 wind drakes
  2 boulder beetles
  9 two-headed ogres
  Grinder (D:3)
  33 blink frogs
  3 slime creatures (D:13)
  9 snapping turtles
  10 water elementals
  A vampire (D:11)
  A shadow (D:14)
  A tarantella (shapeshifter) (D:15)
  A wraith (D:15)
  40 redbacks
  49 yaks
  20 tarantellas
  A wyvern (D:14)
  3 hungry ghosts
  A fire bat (Volcano)
  Eustachio (D:6)
  2 basilisks (D:13)
  12 hippogriffs
  The ghost of Protee the Sneak, an amateur NaEn (D:3)
  7 wargs
  A mottled dragon (D:12)
  9 soldier ants
  Duvessa (D:6)
  11 water moccasins
  5 porcupines
  46 orc warriors
  A slave (D:8)
  2 black bears
  3 sky beasts
  2 eyes of draining
  6 ice beasts
  2 wasps (Spider:4)
  18 ogres
  11 wolves (Lair:3)
  5 boggarts (D:15)
  A centaur (shapeshifter) (D:14)
  8 centaurs
  19 crocodiles
  4 phantoms
  5 big kobolds
  20 giant frogs
  A water moccasin zombie (D:6)
  Dowan (D:6)
  8 scorpions
  33 killer bees
  12 wights
  3 electric eels
  7 howler monkeys
  13 crimson imps
  A lava snake (Volcano)
  A quasit (D:11)
  8 centaur zombies
  A giant frog zombie (D:7)
  5 hounds
  4 jellies
  33 orc priests
  37 orc wizards
  2 centaur skeletons
  A giant frog skeleton (D:11)
  Jessica (D:3)
  6 iguanas
  33 worker ants
  2 big kobold zombies (Ossuary)
  25 sheep
  3 hound zombies
  A hound skeleton (D:11)
  4 mummies (Ossuary)
  3 worker ant zombies
  13 adders
  A howler monkey skeleton (D:8)
  62 river rats
  4 shadow imps
  An ooze (D:7)
  An adder zombie (D:7)
  An adder skeleton (D:6)
  2 worms (D:2)
  2 dart slugs
  7 giant geckos
  138 orcs
  A ball python (D:4)
  7 bats
  7 giant cockroaches
  13 goblins
  9 hobgoblins
  7 jackals
  2 quokkas
  A giant gecko zombie (D:9)
  6 giant newts
  4 hobgoblin zombies (Ossuary)
  41 kobolds
  5 rats
  2 bushes (Lair:6)
  6 fungi
  18 plants
  3 tentacles (Shoals:4)
1379 creatures vanquished.

Vanquished Creatures (others)
  A slave (D:9)
  10 fungi
  19 plants
  8 tentacles (Shoals:4)
  398 tentacle segments (Shoals:4)
436 creatures vanquished.

Grand Total: 1815 creatures vanquished

Notes
Turn   | Place    | Note
-------+----------+-------------------------------------------
     0 | D:1      | mopl the Hill Orc Fighter began the quest for the Orb.
     0 | D:1      | Reached XP level 1. HP: 19/19 MP: 1/1
    10 | D:1      | Reached skill level 3 in Axes
    22 | D:1      | Reached XP level 2. HP: 15/26 MP: 2/2
   241 | D:1      | Reached skill level 4 in Axes
   376 | D:1      | Reached XP level 3. HP: 33/33 MP: 3/3
   405 | D:1      | Reached skill level 4 in Fighting
   958 | D:2      | Reached XP level 4. HP: 37/40 MP: 4/4
  1194 | D:3      | Reached skill level 5 in Axes
  1248 | D:3      | Noticed Protee's ghost (amateur NaEn)
  1390 | D:3      | Killed Protee's ghost
  1390 | D:3      | Reached skill level 5 in Fighting
  1390 | D:3      | Reached skill level 6 in Axes
  1390 | D:3      | Reached XP level 5. HP: 26/48 MP: 5/5
  1414 | D:3      | Noticed Jessica
  1443 | D:2      | Reached XP level 6. HP: 22/56 MP: 6/6
  1678 | D:3      | Reached skill level 7 in Axes
  1684 | D:3      | Killed Jessica
  1702 | D:3      | Found a blossoming altar of Fedhas.
  1925 | D:3      | Noticed Grinder
  1935 | D:3      | Paralysed by Grinder for 5 turns
  1945 | D:3      | Killed Grinder
  1945 | D:3      | Reached skill level 6 in Fighting
  1945 | D:3      | Reached skill level 8 in Axes
  1945 | D:3      | Reached XP level 7. HP: 7/63 MP: 7/7
  2826 | D:4      | Reached skill level 9 in Axes
  3018 | D:4      | Reached skill level 7 in Fighting
  3018 | D:4      | Reached XP level 8. HP: 10/73 MP: 8/8
  3460 | D:4      | Reached skill level 10 in Axes
  4108 | D:5      | Entered Level 5 of the Dungeon
  4404 | D:5      | Reached skill level 11 in Axes
  4508 | D:5      | Reached skill level 8 in Fighting
  4737 | D:6      | Noticed Eustachio
  4751 | D:6      | Found a sand-covered staircase.
  4755 | Ossuary  | Entered an ossuary
  5078 | Ossuary  | Reached XP level 9. HP: 76/82 MP: 9/9
  5092 | Ossuary  | Reached skill level 12 in Axes
  5272 | D:6      | Killed Eustachio
  5279 | D:6      | Noticed Dowan
  5282 | D:6      | Noticed Duvessa
  5688 | D:6      | Found a staircase to the Ecumenical Temple.
  5705 | Temple   | Entered the Ecumenical Temple
  5812 | D:6      | Reached skill level 9 in Fighting
  5858 | D:6      | Found a glowing golden altar of the Shining One.
  6032 | D:6      | Killed Duvessa
  6032 | D:6      | Reached skill level 13 in Axes
  6043 | D:5      | Gained mutation: You are robust. (+10% HP) [potion of beneficial mutation]
  6044 | D:5      | Gained mutation: Your movements are slightly less encumbered by armour. (ER -2) [potion of beneficial mutation]
  6056 | D:5      | HP: 4/91 [poisoned by Duvessa]
  6061 | D:5      | HP: 2/91 [poisoned by Duvessa]
  6066 | D:5      | HP: 1/91 [poisoned by Duvessa]
  6074 | D:5      | HP: 1/91 [poisoned by Duvessa]
  6082 | D:5      | HP: 1/91 [poisoned by Duvessa]
  6468 | D:6      | Killed Dowan
  6526 | D:7      | Found an opulent altar of Gozag.
  6699 | D:7      | Found a snail-covered altar of Cheibriados.
  7026 | D:7      | Found a shattered altar of Ashenzari.
  7328 | D:7      | Reached skill level 14 in Axes
  7749 | D:7      | Reached XP level 10. HP: 84/102 MP: 10/10
  7874 | D:7      | Reached skill level 10 in Fighting
  8130 | D:7      | Gained mutation: You have a pair of small antennae on your head. [potion of mutation]
  8130 | D:7      | Gained mutation: You have supernaturally acute eyesight. (SInv) [potion of mutation]
  8900 | D:8      | Found an iron altar of Okawaru.
  9028 | D:8      | Got a pair of faintly glowing boots
  9034 | D:8      | Identified the +2 pair of boots "Nexuy" {Str+4 Dex+9} (You found it on level 8 of the Dungeon)
  9132 | D:8      | Found an oddly glowing altar of Pakellas.
  9311 | D:8      | Found a hide-covered altar of Uskayaw.
  9313 | D:8      | Found a sparkling altar of Nemelex Xobeh.
  9313 | D:8      | Found a radiant altar of Vehumet.
  9313 | D:8      | Found a basalt altar of Yredelemnul.
  9315 | D:8      | Found an ancient bone altar of Kikubaaqudgha.
  9318 | D:8      | Became a worshipper of Uskayaw the Reveler
  9357 | D:8      | Reached skill level 15 in Axes
  9381 | D:8      | Found a deep blue altar of Sif Muna.
  9395 | D:8      | Reached * piety under Uskayaw
  9398 | D:8      | Reached ** piety under Uskayaw
  9410 | D:8      | Identified Sif Muna's Grimoire of Black Rituals (You found it on level 8 of the Dungeon)
  9417 | D:8      | Reached skill level 1 in Invocations
  9567 | D:9      | Found a glowing silver altar of Zin.
  9574 | D:9      | Reached skill level 2 in Invocations
  9600 | D:9      | Noticed Pikel
  9818 | D:9      | Killed Pikel
  9818 | D:9      | Reached skill level 3 in Invocations
 10049 | D:9      | Reached skill level 11 in Fighting
 10067 | D:9      | Noticed mopl's ghost (novice HOFi)
 10437 | D:9      | Reached skill level 4 in Invocations
 10440 | D:9      | Reached *** piety under Uskayaw
 10442 | D:9      | Killed mopl's ghost
 10442 | D:9      | Reached skill level 16 in Axes
 10442 | D:9      | Reached XP level 11. HP: 92/112 MP: 12/14
 10734 | D:9      | Reached skill level 5 in Invocations
 10734 | D:9      | Reached **** piety under Uskayaw
 10736 | D:9      | Reached ***** piety under Uskayaw
 10768 | D:10     | Entered Level 10 of the Dungeon
 11024 | D:10     | Noticed an unseen horror
 11032 | D:10     | Killed an unseen horror
 11032 | D:10     | Reached skill level 6 in Invocations
 11075 | D:10     | Noticed a hill giant
 11083 | D:10     | Killed a hill giant
 11100 | D:10     | Reached skill level 17 in Axes
 11101 | D:10     | Reached skill level 12 in Fighting
 11433 | D:11     | Noticed a hill giant
 11439 | D:11     | Noticed Erolcha
 11440 | D:11     | Killed a hill giant
 11449 | D:11     | Killed Erolcha
 11449 | D:11     | Reached skill level 7 in Invocations
 11839 | D:11     | Noticed a hill giant
 11845 | D:11     | Killed a hill giant
 11968 | D:11     | Reached XP level 12. HP: 69/124 MP: 12/17
 12219 | D:11     | Reached skill level 18 in Axes
 12219 | D:11     | Reached skill level 8 in Invocations
 12336 | D:11     | Found a staircase to the Lair.
 12590 | D:11     | Reached skill level 13 in Fighting
 12592 | D:11     | Reached ****** piety under Uskayaw
 12929 | D:11     | Noticed Psyche
 12935 | D:11     | Killed Psyche
 12935 | D:11     | Reached skill level 9 in Invocations
 13267 | Lair:1   | Entered Level 1 of the Lair of Beasts
 13739 | Lair:1   | Reached skill level 19 in Axes
 14546 | D:12     | Found a bloodstained altar of Trog.
 14558 | D:12     | Found a staircase to the Orcish Mines.
 14807 | D:12     | Reached skill level 10 in Invocations
 15035 | D:12     | Reached XP level 13. HP: 135/135 MP: 20/20
 16164 | Lair:2   | Found a staircase to the Shoals.
 16189 | Lair:2   | Noticed Erica
 16198 | Lair:2   | Killed Erica
 16198 | Lair:2   | Reached skill level 14 in Fighting
 16287 | Lair:2   | Reached skill level 20 in Axes
 16421 | Lair:2   | Found a dark tunnel.
 16426 | Volcano  | Entered a volcano
 16660 | Volcano  | Found a radiant altar of Vehumet.
 16660 | Volcano  | Noticed an ogre mage
 16664 | Volcano  | Killed an ogre mage
 16667 | Volcano  | Reached skill level 4 in Armour
 16667 | Volcano  | Reached skill level 1 in Dodging
 16694 | Volcano  | Reached skill level 11 in Invocations
 17093 | Lair:2   | Reached skill level 5 in Armour
 17793 | Lair:3   | Found a hole to the Spider Nest.
 18204 | Lair:3   | Reached skill level 2 in Dodging
 18317 | Lair:3   | Reached skill level 6 in Armour
 19322 | Lair:2   | Reached XP level 14. HP: 143/146 MP: 22/22
 19408 | Lair:4   | Reached skill level 3 in Dodging
 19408 | Lair:4   | Reached skill level 7 in Armour
 19499 | Lair:4   | Gained mutation: You are very robust. (+20% HP) [potion of beneficial mutation]
 19672 | Lair:4   | Reached skill level 12 in Invocations
 19674 | Lair:4   | Reached skill level 15 in Fighting
 20112 | Lair:5   | Reached skill level 8 in Armour
 20615 | Lair:5   | Reached skill level 4 in Dodging
 20668 | Lair:5   | Found a runed door.
 20669 | Lair:5   | Found a viscous altar of Jiyva.
 20670 | Lair:5   | Noticed an acid blob
 20671 | Lair:5   | Found a staircase to the Slime Pits.
 21142 | Lair:6   | Entered Level 6 of the Lair of Beasts
 21155 | Lair:6   | Reached skill level 9 in Armour
 21555 | Lair:6   | Noticed Liquid's ghost (journeyman DsCK)
 21618 | Lair:6   | Killed Liquid's ghost
 21713 | Lair:6   | Noticed poirepourri's ghost (journeyman MiFi)
 21905 | Lair:6   | Killed poirepourri's ghost
 22386 | Lair:6   | Reached skill level 5 in Dodging
 22408 | Lair:6   | Reached skill level 13 in Invocations
 22420 | Lair:6   | Reached XP level 15. HP: 145/171 MP: 24/24
 22464 | Lair:6   | Reached skill level 10 in Armour
 22963 | Lair:6   | Reached skill level 16 in Fighting
 23536 | Lair:6   | Reached skill level 6 in Dodging
 23564 | Lair:6   | Learned a level 1 spell: Apportation
 24320 | Orc:1    | Entered Level 1 of the Orcish Mines
 24526 | Orc:2    | Entered Level 2 of the Orcish Mines
 25159 | Orc:2    | Noticed an orc warlord
 25167 | Orc:2    | Killed an orc warlord
 25167 | Orc:2    | Reached skill level 14 in Invocations
 25434 | Orc:2    | Found a roughly hewn altar of Beogh.
 25551 | Orc:2    | Reached skill level 11 in Armour
 25647 | Orc:2    | Found a staircase to the Elven Halls.
 25832 | Orc:2    | Noticed an orc warlord
 26184 | Orc:2    | Killed an orc warlord
 26202 | Orc:2    | HP: 8/174 [poisoned by an orc warlord]
 26207 | Orc:2    | HP: 6/174 [poisoned by an orc warlord]
 26212 | Orc:2    | HP: 5/174 [poisoned by an orc warlord]
 26217 | Orc:2    | HP: 5/174 [poisoned by an orc warlord]
 26224 | Orc:2    | HP: 6/174 [poisoned by an orc warlord]
 26232 | Orc:2    | HP: 7/174 [poisoned by an orc warlord]
 26797 | Orc:2    | Found Jihiat's Antique Armour Shoppe.
 26798 | Orc:2    | Found Geshre's Antique Weapon Shoppe.
 26799 | Orc:2    | Found Gakkaiq's General Store.
 26799 | Orc:2    | Found Qiney's Book Emporium.
 26803 | Orc:2    | Bought a scroll of identify for 30 gold pieces
 27064 | Orc:2    | Bought a pair of bloodstained boots for 152 gold pieces
 27074 | Orc:2    | Identified the +0 pair of boots "Kidoibua" {rN+ rCorr Stlth+} (You bought it in a shop on level 2 of the Orcish Mines)
 27085 | Orc:2    | Bought a glowing triple crossbow for 260 gold pieces
 27491 | D:13     | Reached skill level 7 in Dodging
 27991 | D:13     | Found a gate to the Vaults.
 28201 | D:13     | Reached XP level 16. HP: 146/184 MP: 26/26
 28795 | D:14     | Reached skill level 17 in Fighting
 29144 | D:14     | Reached skill level 15 in Invocations
 30065 | D:14     | Found an ancient bone altar of Kikubaaqudgha.
 30226 | D:14     | Reached skill level 12 in Armour
 30714 | D:15     | Entered Level 15 of the Dungeon
 30838 | D:15     | Found a staircase to the Depths.
 30965 | D:15     | Reached skill level 8 in Dodging
 31653 | Shoals:1 | Entered Level 1 of the Shoals
 32115 | Shoals:1 | Identified Waacuiko's Handbook of Flamy Summoning (You found it on level 1 of the Shoals)
 32651 | Shoals:1 | Reached skill level 16 in Invocations
 32824 | Shoals:1 | Found a gateway to a bazaar.
 32889 | Shoals:2 | Reached XP level 17. HP: 173/195 MP: 29/29
 33277 | Shoals:2 | Reached skill level 13 in Armour
 33911 | Shoals:2 | Reached skill level 18 in Fighting
 34044 | Shoals:2 | Reached skill level 9 in Dodging
 34171 | Shoals:3 | Found Unixadix's Weapon Emporium.
 34171 | Shoals:3 | Found Viphun's Book Shop.
 34587 | Shoals:3 | Found Zaaleost's Jewellery Shop.
 34770 | Shoals:3 | Found Qopiol Luda's Assorted Antiques.
 34828 | Shoals:3 | Bought a bound lapis lazuli ring for 190 gold pieces
 34828 | Shoals:3 | Identified the ring "Zuegub" {rF+ rN+} (You bought it in a shop on level 3 of the Shoals)
 35519 | Shoals:4 | Entered Level 4 of the Shoals
 35874 | Shoals:3 | Upgraded the game from 0.19-a0-1035-gdbfb0c6 to 0.19-a0-1041-g82b1012
 36505 | Shoals:4 | Reached skill level 17 in Invocations
 36823 | Shoals:4 | Got a barnacled rune of Zot
 37504 | Shoals:4 | Learned a level 3 spell: Regeneration
 37506 | Shoals:4 | Learned a level 1 spell: Animate Skeleton
 37511 | Shoals:4 | Noticed a kraken
 37528 | Shoals:4 | Killed a kraken
 37698 | Shoals:4 | Noticed Ilsuiw
 37755 | Shoals:4 | Killed Ilsuiw
 37755 | Shoals:4 | Reached skill level 14 in Armour
 37755 | Shoals:4 | Reached XP level 18. HP: 134/207 MP: 30/30
 38001 | Shoals:4 | Reached skill level 10 in Dodging
 39943 | Spider:1 | Entered Level 1 of the Spider Nest
 40394 | Spider:1 | Reached skill level 19 in Fighting
 41098 | Spider:2 | Reached skill level 18 in Invocations
 42885 | Spider:3 | Noticed Roxanne
 43263 | Spider:3 | Killed Roxanne
 43263 | Spider:3 | Reached skill level 15 in Armour
 43695 | Spider:3 | Noticed Bai Suzhen
 43710 | Spider:3 | Killed Bai Suzhen
 44161 | Spider:4 | Entered Level 4 of the Spider Nest
 44285 | Spider:4 | Reached XP level 19. HP: 161/219 MP: 32/32
 44600 | Spider:4 | Reached skill level 11 in Dodging
 44717 | Spider:4 | HP: 5/219 [spark wasp (14)]
 44717 | Spider:4 | Mangled by a spark wasp

Vault maps used:
D:1:      dpeg_arrival_pits, serial_forest, infiniplex_forest_clump_small,
          infiniplex_forest_clump_C, infiniplex_forest_zigzag_2,
          infiniplex_forest_join, infiniplex_forest_side_room,
          infiniplex_forest_straight_4
D:2:      first_bread
D:3:      fedhas_altar_1, uniq_grinder, uniq_jessica
D:4:      kennysheep_kobold_camp
D:5:      minmay_misc_feat_rows
D:6:      lemuel_doored_altar, nicolae_ossuary_entry_plus, uniq_duvessa,
          uniq_eustachio
D:7:      old_standard_altar, nicolae_ashenzari_panopticon,
          nicolae_gozag_seed_capital
D:8:      led_sif_book, kennysheep_mini_moat, kennysheep_little_box, minitemple,
          grunt_ministairs_13, roderic_lattice_a
D:9:      basic_altar, blue_anna_alchemist, zaba_anthole, uniq_pikel
D:11:     david_lair_shrubbed, uniq_psyche, uniq_erolcha
D:12:     orc_0_dummy, special_room, bloody_trog
D:13:     david_vaults_1
D:14:     basic_altar, minivault_14, minmay_checkered_concentric_circles
D:15:     grunt_enter_depths_giant_problem, minmay_misc_feat_alley
Temple:   jpeg_temple_alley_garden
Lair:1:   special_room, grunt_megastairs_5
Lair:2:   minmay_shoals_entry_lonely_mermaid, enter_volcano_4, uniq_erica
Lair:3:   nicolae_spider_entry_tight_spaces
Lair:5:   slime_altar_2, patterned_corridor, grunt_megastairs_3
Lair:6:   evilmike_catoblepas_cave, serial_forest, infiniplex_forest_end_1,
          infiniplex_forest_corner_1, infiniplex_forest_clump_curved,
          infiniplex_forest_clump_double, infiniplex_forest_zigzag_1,
          infiniplex_forest_fountain, grunt_forest_stairs_basic
Shoals:1: serial_shops, statue_bzr, st_sunken_temple
Shoals:3: nicolae_shoals_island_circles, serial_shops, nicolae_shop_stone,
          nicolae_shop_crystal, shop, nicolae_shop_trees,
          hangedman_shoal_volcano
Shoals:4: shoals_end_grunt_ice, shoals_ilsuiw_alternative
Spider:1: spider_trap
Spider:2: minmay_another_anthill
Spider:3: spider_trap, uniq_roxanne, uniq_bai_suzhen
Spider:4: johnstein_spider_rune_arachne_lair, spider_trap, uniq_arachne
Orc:2:    st_orc_congregation, basic_altar
Ossuary:  ossuary_the_hunt_dpeg
Volcano:  volcano_lake

Skill      XL: |  1  2  3  4  5  6  7  8  9 10 11 12 13 14 15 16 17 18 19 |
---------------+----------------------------------------------------------+-----
Axes           | 3 4 6 8 9 11 14 16 17 19 20 | 20.0
Fighting       | 4 5 6 7 8 9 11 12 13 14 15 16 17 18 19 | 19.6
Invocations    | 4 7 10 11 13 14 16 17 18 | 18.7
Armour         | 6 9 11 12 14 15 | 15.3
Dodging        | 2 5 7 8 9 10 11 | 11.0
Shields        | |  3.2

Action                   |  1- 3 |  4- 6 |  7- 9 | 10-12 | 13-15 | 16-18 | 19-21 || total
-------------------------+-------+-------+-------+-------+-------+-------+-------++-------
Melee: War axe           |   123 |   147 |   555 |    63 |       |       |       ||   888
       Battleaxe         |       |       |       |   563 |  1232 |  1439 |    64 ||  3298
       Scimitar          |       |       |       |       |     8 |       |       ||     8
 Fire: Blowgun           |       |       |     3 |     1 |    16 |       |       ||    20
Throw: Tomahawk          |       |     1 |     2 |     9 |     3 |     3 |       ||    18
Invok: Line Pass         |       |       |       |     3 |     3 |     1 |       ||     7
       Stomp             |       |       |       |       |     5 |     1 |       ||     6
       Grand Finale      |       |       |       |       |     4 |     3 |     1 ||     8
 Abil: Evoke Berserk Rag |       |       |       |       |     2 |       |       ||     2
       Evoke Flight      |       |       |       |       |       |    21 |       ||    21
Evoke: Wand              |       |       |     5 |     3 |       |     1 |       ||     9
  Use: Potion            |       |     1 |     4 |     7 |     2 |     3 |     2 ||    19
       Scroll            |       |       |     7 |     9 |    10 |     5 |     2 ||    33
 Stab: Held in net/web   |       |       |     1 |       |       |     2 |       ||     3
       Paralysed         |       |       |       |    34 |   143 |   123 |     6 ||   306
       Invisible         |       |       |       |     8 |       |       |       ||     8
       Petrified         |       |       |       |       |     3 |       |       ||     3
       Petrifying        |       |       |       |       |     1 |       |       ||     1
       Confused          |       |       |       |       |       |     1 |       ||     1
       Distracted        |       |       |       |       |       |     2 |       ||     2
  Eat: Chunk             |       |     4 |    19 |    28 |    42 |    49 |     1 ||   143
       Beef jerky        |       |       |     1 |       |     1 |     2 |       ||     4
       Pizza             |       |       |       |     1 |       |     1 |       ||     2
       Bread ration      |       |       |       |       |     1 |     1 |       ||     2
Armor: Scale mail        |    59 |     1 |       |       |       |       |       ||    60
       Chain mail        |       |   100 |   229 |   286 |   105 |   313 |    32 ||  1065
       Plate armour      |       |       |       |    62 |   328 |   228 |       ||   618
       Skin              |       |       |       |       |       |     1 |       ||     1
Dodge: Dodged            |    42 |    36 |    78 |   218 |   436 |   810 |    70 ||  1690
Block: Shield            |    64 |    79 |   208 |    39 |       |       |       ||   390
